 Dungeon Crawl Stone Soup version 0.26.0-8-g74fc34ddfb (webtiles) character file.

Game seed: 14308836706721227249

158 lastplaneout the Poker (level 5, -2/26 HPs)
             Began as a Vine Stalker Gladiator on Jan 13, 2021.
             Killed by divine providence
             ... invoked by an orc priest
              (7 damage)
             ... on level 3 of the Dungeon.
             The game lasted 00:05:23 (2262 turns).

lastplaneout the Poker (Vine Stalker Gladiator)     Turns: 2262, Time: 00:05:24

Health: -2/26      AC:  7    Str: 17    XL:     5   Next: 40%
Magic:  0/6        EV: 10    Int:  8    God:
Gold:   168        SH:  0    Dex: 16    Spells: 4/4 levels left

rFire    . . .     SeeInvis .   a - +0 trident
rCold    . . .     Faith    .   (no shield)
rNeg     . . .     Spirit   +   n - +0 scale mail (curse)
rPois    .         Reflect  .   c - +0 helmet
rElec    .         Harm     .   (no cloak)
rCorr    +         Rampage  .   (no gloves)
Will     .....                  (no boots)
Stlth    ..........             (no amulet)
HPRegen  0.48/turn              b - ring of resist corrosion
MPRegen  0.10/turn              (no ring)

@: no status effects
A: fangs 2, regeneration 1, magic shield, antimagic bite, no potion heal 3
a: no special abilities


You were on level 3 of the Dungeon.
You visited 1 branch of the dungeon, and saw 3 of its levels.

You collected 168 gold pieces.

Inventory:

Hand Weapons
 a - a +0 trident (weapon)
 j - a +1 mace of protection
Missiles
 d - 3 throwing nets (quivered)
Armour
 c - a +0 helmet (worn)
 n - a cursed +0 scale mail (worn)
Jewellery
 b - a ring of resist corrosion (left hand)
 g - an uncursed ring of protection from cold
 i - an uncursed ring of see invisible {unknown}
 l - an uncursed ring of ice
 p - a cursed amulet of inaccuracy {unknown}
Scrolls
 e - 2 scrolls of noise {unknown}
 f - a scroll of blinking {unknown}
 k - 2 scrolls of amnesia {unknown}
 o - a scroll of random uselessness {unknown}
Potions
 h - a potion of curing
 m - 3 potions of brilliance


   Skills:
 - Level 1.7 Fighting
 + Level 5.4 Polearms
 - Level 1.7 Throwing
 - Level 2.4 Dodging


You had 4 spell levels left.
You didn't know any spells.
Your spell library was empty.

Dungeon Overview and Level Annotations

Branches:
Dungeon (3/15)

Altars:
Dithmenos


Innate Abilities, Weirdness & Mutations

You have extremely sharp teeth.
Your natural rate of healing is unusually fast.
When hurt, damage is shared between your health and your magic reserves.
Your bite disrupts and absorbs the magic of your enemies.
Potions cannot restore your health.


Message History

The orc priest invokes the aid of Beogh against you.
Beogh smites you!
You puncture the orc!
You kill the orc!
You hit the orc. Your bite misses the orc.
The orc is lightly wounded.
The orc hits you but does no damage.
You hit the orc. Your bite misses the orc.
The orc is heavily wounded.
The orc priest mumbles some strange prayers to Beogh against you.
Beogh smites you!
* * * LOW HITPOINT WARNING * * *
The orc hits you with a +0 flail.
* * * LOW HITPOINT WARNING * * *
You hear a shout!
Things that are here:
a +0 falchion; a +0 leather armour; an orc corpse The orc priest calls down the wrath of Beogh upon you.
Beogh smites you!
You die...

##.#.#
#..............)....###.
#.#.#
#..####.#########...# #.
##.#.# #..# ### ##### #(
#....# #..# #. #..###
#..# #. ...# #..# ### #.
#..# #..# ##.# #. #..#
#..##########)#)# #..#
#...)..@.o.o.###.# ...#
#..########.## #o# #.##
##.# #.## #.. #.# #.# ##
### ..# #.# ### #.# #.#
#.#


You could see an orc priest and an orc.

Vanquished Creatures
  An orc priest (D:3)
  Terence (D:1)
  Robin (D:3)
  An adder (D:2)
  An ooze (D:1)
  3 worms (D:2)
  2 dart slugs
  An orc (D:3)
  2 giant cockroaches (D:1)
  10 hobgoblins
  11 bats
  7 frilled lizards
  18 goblins
  2 kobolds
  9 rats
70 creatures vanquished.

Notes
Turn   | Place    | Note
-------+----------+-------------------------------------------
     0 | D:1      | lastplaneout the Vine Stalker Gladiator began the quest for
                  | the Orb.
     0 | D:1      | Reached XP level 1. HP: 11/11 MP: 2/2
   110 | D:1      | Reached skill level 3 in Polearms
   346 | D:1      | Reached XP level 2. HP: 10/15 MP: 3/3
   653 | D:1      | Reached XP level 3. HP: 18/18 MP: 4/4
   935 | D:2      | Noticed Terence
   983 | D:1      | Killed Terence
   984 | D:1      | Reached skill level 4 in Polearms
  1236 | D:2      | Gained mutation: Your natural rate of healing is unusually
                  | fast. [Vine Stalker growth]
  1236 | D:2      | Reached XP level 4. HP: 23/23 MP: 5/5
  1548 | D:2      | Found a shadowy altar of Dithmenos.
  2078 | D:3      | Noticed Robin
  2106 | D:3      | Killed Robin
  2107 | D:3      | Reached skill level 5 in Polearms
  2107 | D:3      | Reached XP level 5. HP: 20/26 MP: 4/6
  2262 | D:3      | Killed from afar by an orc priest

Illustrated notes

Levels and vault maps discovered:
D:1:      dpeg_arrival_subterranean_lakeside_camping, layout_basic
D:2:      layout_loops_ring, lemuel_statue_altar, uniq_terence
D:3:      layout_loops_ring, corexii_leaking_fountain, uniq_robin

Skill      XL: |  1  2  3  4 |
---------------+-------------+-----
Polearms       | 3 4 5 |  5.4
Fighting       | |  1.7
Throwing       | |  1.7
Dodging        | |  2.4

Action                   |  1- 3 |  4- 6 || total
-------------------------+-------+-------++-------
Melee: Trident           |   114 |   106 ||   220
       Bite              |    21 |    28 ||    49
  Use: Potion            |     2 |       ||     2
       Scroll            |       |     4 ||     4
Armor: Leather armour    |    35 |     1 ||    36
       Skin              |    12 |       ||    12
       Scale mail        |       |    34 ||    34
Dodge: Dodged            |    89 |    41 ||   130
